 Dungeon Crawl Stone Soup version 0.28.0-45-g0d030f2227 (webtiles) character file.

Game seed: 4067042998513967772

89 101zpm the Digger (level 4, -3/24 HPs)
             Began as a Gargoyle Earth Elementalist on Apr 14, 2022.
             Slain by an orc priest
             ... wielding a +0 flail
              (4 damage)
             ... on level 3 of the Dungeon.
             The game lasted 00:04:24 (2694 turns).

101zpm the Digger (Gargoyle Earth Elementalist)     Turns: 2694, Time: 00:04:26

Health: -3/24      AC: 13    Str: 17    XL:     4   Next: 55%
Magic:  0/7        EV:  7    Int: 18    God:
Gold:   32         SH:  0    Dex: 10    Spells: 6/7 levels left

rFire   . . .      SeeInvis .   k - staff of air
rCold   . . .      Faith    .   (no shield)
rNeg    + . .      Spirit   .   e - +0 chain mail
rPois   ∞          Reflect  .   (no helmet)
rElec   +          Harm     .   l - +0 cloak
rCorr   .          Rampage  .   (no gloves)
Will    .....                   (no boots)
Stlth   ..........              (no amulet)
HPRegen 0.08/turn               a - +6 ring of strength
MPRegen 0.10/turn               (no ring)

@: very slightly contaminated
A: sickness immunity, AC +3, negative energy resistance 1, electricity
resistance, torment resistance 1, petrification resistance
a: no special abilities


You were on level 3 of the Dungeon.
You visited 1 branch of the dungeon, and saw 3 of its levels.

You collected 32 gold pieces.

Inventory:

Hand Weapons
 f - a +0 spear
Missiles
 c - 67 stones
Armour
 b - a +0 robe
 e - a +0 chain mail (worn)
 l - a +0 cloak (worn)
Magical Staves
 k - a staff of air (weapon)
Jewellery
 a - a +6 ring of strength (left hand)
Scrolls
 h - a scroll of fear {unknown}
 m - a scroll of identify {unknown}
 n - a scroll of summoning {unknown}
Potions
 d - a potion of might {unknown}
 g - a potion of attraction {unknown}
 i - a potion of mutation {unknown}
 j - a potion of flight {unknown}
 o - a potion of cancellation {unknown}


   Skills:
 + Level 0.4 Fighting
 + Level 1.4 Polearms
 + Level 1.0 Armour
 + Level 1.6 Dodging
 + Level 3.1 Stealth
 + Level 2.4 Spellcasting
 + Level 0.7 Transmutations
 + Level 4.5 Earth Magic


You had 6 spell levels left.
You knew the following spells:

 Your Spells              Type           Power      Damage    Failure   Level
a - Sandblast             Erth           36%        2d10      43%         1

Your spell library contained the following spells:

 Spells                   Type           Power      Damage    Failure   Level
 Passwall                 Tmut/Erth      9%         N/A       83%         2
 Stone Arrow              Conj/Erth      20%        3d8       98%         3
 Petrify                  Tmut/Erth      11%        N/A       100%        4


Dungeon Overview and Level Annotations

Branches:
Dungeon (3/15)

Altars:
Xom

Shops:
D:1 (


Innate Abilities, Weirdness & Mutations

You are immune to sickness and miasma.
Your stone body is resilient. (AC +3)
You are immune to poison.
You resist negative energy. (rN+)
You are resistant to electric shocks. (rElec)
You are resistant to unholy torment.
You are immune to petrification.


Message History

The orc priest shouts!
The orc barely misses you.
The orc priest casts a cantrip, but nothing happens.
You hit the orc but do no damage. The orc hits you but does no damage.
You barely miss the orc. The orc hits you with a +0 short sword.
The orc priest looks encouraged for a moment.
You hit the orc. Your punch misses the orc.
The orc is almost dead.
The orc hits you but does no damage.
The orc priest invokes the aid of Beogh against you.
Beogh smites you!
You barely miss the orc.
The orc is almost dead.
The orc hits you but does no damage.
You hit the orc but do no damage.
The orc is almost dead.
The orc completely misses you. The orc hits you with a +0 short sword.
You barely miss the orc.
The orc is almost dead.
The orc priest invokes the aid of Beogh against you.
Beogh smites you!
* * * LOW HITPOINT WARNING * * *
The orc hits you but does no damage.
You hit the orc.
You kill the orc!
You hit the orc priest but do no damage.
The orc priest invokes the aid of Beogh against you.
You barely resist.
You hit the orc priest but do no damage.
The orc priest barely misses you.
The orc priest hits you but does no damage.
You barely miss the orc priest.
The rat twitches its whiskers.
The orc priest barely misses you.
Aiming: Sandblast (safe; 43% risk of failure)
Press: ? - help, Q - select action, (/) - cycle Shift-Dir - straight line, f - orc priest
Aim: an orc priest, wielding a +0 flail and wearing a +0 chain mail (85% to hit)
You miscast Sandblast.
Nothing appears to happen.
The orc priest hits you with a +0 flail.
You die...

## # ##### .# ###.##....
## .# #......### .. .#
#.#.##.# # ###.####.#
#######.#.##.# .r.......#
#.).....#....# ##.......#
#.#####.####.#
......#.####.#####.####.#
#...ro@.....##......#
###.####.##.##.###### #.#
#.##.##.# ..# #.>.....#
#.## ###(..### ..
#.......# ... #.......#
... #.......# ###...###


You could see an orc priest and a rat.

Vanquished Creatures
  3 adders (D:2)
  A worm (D:2)
  2 dart slugs
  2 orcs (D:3)
  7 ball pythons
  3 bats
  8 endoplasms
  2 giant cockroaches
  A goblin (D:2)
  A hobgoblin (D:2)
  6 jackals (D:1)
  4 kobolds
  2 quokkas
  3 frilled lizards
  4 rats
49 creatures vanquished.

Vanquished Creatures (others)
  2 plants (D:2)
2 creatures vanquished.

Grand Total: 51 creatures vanquished

Notes
Turn   | Place    | Note
-------+----------+-------------------------------------------
     0 | D:1      | 101zpm the Gargoyle Earth Elementalist began the quest for
                  | the Orb.
     0 | D:1      | Reached XP level 1. HP: 10/10 MP: 3/3
   148 | D:1      | Reached XP level 2. HP: 14/15 MP: 0/5
   287 | D:1      | Reached skill level 4 in Earth Magic
   614 | D:1      | Reached XP level 3. HP: 14/19 MP: 6/6
   941 | D:1      | Found Ebeffo Gueve's Antique Weapon Boutique.
  1614 | D:2      | Reached skill level 1 in Polearms
  1614 | D:2      | Reached XP level 4. HP: 16/24 MP: 7/7
  2256 | D:2      | Found a shimmering altar of Xom.
  2308 | D:2      | Reached skill level 1 in Armour
  2399 | D:2      | Found a faded altar of an unknown god.
  2689 | D:3      | HP: 1/24 [orc priest/divine providence (9)]
  2694 | D:3      | Slain by an orc priest

Illustrated notes

Levels and vault maps discovered:
D:1:      dpeg_arrival_rooms_b, layout_loops_ring, serial_shops,
          nicolae_shop_waterfront, corexii_item_surrounded_by_moat,
          amethyst_killhole
D:2:      layout_basic, basic_altar, dilly_ecumenical_altar_fadedgnrine,
          minmay_pentomino_v2
D:3:      layout_loops_cross, portal_sewer_entry_b

Skill      XL: |  1  2  3  4 |
---------------+-------------+-----
Earth Magic    | 4 |  4.5
Stealth        | 3 |  3.1
Polearms       | 1 |  1.4
Armour         | 1 |  1.0
Fighting       | |  0.4
Dodging        | |  1.6
Spellcasting   | |  2.4
Transmutations | |  0.7

Action                   |  1- 3 |  4- 6 || total
-------------------------+-------+-------++-------
Melee: Unarmed           |     1 |       ||     1
       Spear             |   105 |     6 ||   111
       Staff             |       |    59 ||    59
       Punch             |       |     1 ||     1
 Cast: Sandblast         |    11 |     9 ||    20
Armor: Robe              |     7 |       ||     7
       Chain mail        |    60 |    53 ||   113
Dodge: Dodged            |    37 |    29 ||    66
